 Dungeon Crawl Stone Soup version 0.26-b1-32-g5d43845318 (webtiles) character file.

Game seed: 4387521999892568564

20 MisterFreud the Digger (level 2, -1/17 HPs)
             Began as an Octopode Earth Elementalist on Jan 10, 2021.
             Slain by a kobold
             ... wielding a +0 whip
              (6 damage)
             ... on level 1 of the Dungeon.
             The game lasted 00:01:16 (658 turns).

MisterFreud the Digger (Octopode Earth Elementalist) Turns: 658, Time: 00:01:17

Health: -1/17      AC:  1    Str:  7    XL:     2   Next: 79%
Magic:  5/5        EV: 13    Int: 17    God:
Gold:   20         SH:  0    Dex: 12    Spells: 4/5 levels left

rFire    . . .     SeeInvis .   c - +0 club
rCold    . . .     Faith    .   (no shield)
rNeg     . . .     Spirit   .   (helmet restricted)
rPois    .         Reflect  .   (no amulet)
rElec    .         Harm     .   (no ring)
rCorr    .         Rampage  .   (no ring)
Will     .....                  (no ring)
Stlth    +++.......             (no ring)
HPRegen  0.05/turn              (no ring)
MPRegen  0.09/turn              (no ring)
                                (no ring)
                                (no ring)

@: no status effects
A: almost no armour, stealthy swim, amphibious, 8 rings, constrict 8, camouflage
1, gelatinous body 1
a: no special abilities


You were on level 1 of the Dungeon.
You visited 1 branch of the dungeon, and saw 1 of its levels.

You collected 20 gold pieces.

Inventory:

Hand Weapons
 c - a +0 club (weapon)
Missiles
 b - 51 stones (quivered)
 f - a throwing net
Scrolls
 a - 2 scrolls of magic mapping {unknown}
 d - a scroll of remove curse {unknown}
 e - a scroll of enchant weapon {unknown}
 g - 2 scrolls of identify {unknown}


   Skills:
 - Level 2.0 Dodging
 - Level 2.6 Stealth
 - Level 2.0 Spellcasting
 - Level 1.0 Transmutations
 + Level 4.0 Earth Magic


You had 4 spell levels left.
You knew the following spells:

 Your Spells              Type           Power        Failure   Level
a - Sandblast             Erth           30%          3%          1

Your spell library contained the following spells:

 Spells                   Type           Power        Failure   Level
 Passwall                 Tmut/Erth      8%           11%         2
 Stone Arrow              Conj/Erth      16%          26%         3
 Petrify                  Tmut/Erth      10%          56%         4
 Lee's Rapid Deconstruct  Erth           7%           71%         5


Dungeon Overview and Level Annotations

Branches:
Dungeon (1/15)

Altars:


Innate Abilities, Weirdness & Mutations

You cannot wear most types of armour.
You are very stealthy in the water. (Stealth+)
You are amphibious.
You can wear up to eight rings at the same time.
You can use your tentacles to constrict eight enemies at once.
Your skin changes colour to match your surroundings (Stealth+).
Your rubbery body absorbs attacks. (AC +1, EV +1)


Message History

The bat is moderately wounded.
You constrict the bat. The bat misses you.
The bat struggles to escape constriction.
The bat escapes!
The kobold barely misses you.
Unknown command.
You hit the kobold. Your grab misses the kobold.
The kobold is severely wounded.
The bat misses you. The kobold hits you with a +0 whip.
Unknown command.
You are too injured to fight recklessly!
You are too injured to fight recklessly!
Unknown command.
You are too injured to fight recklessly!
You hit the kobold but do no damage. Your grab misses the kobold.
The kobold is severely wounded.
The bat closely misses you. The bat misses you.
The kobold hits you with a +0 whip.
* * * LOW HITPOINT WARNING * * *
The kobold hits you with a +0 whip.
You die...

≈# #..........)...# ≈#
#.###.#####.######+###
≈# ..)......#..##.......
## ......#.#..##.......
# .....#.#..##....... .
#b...#.#..#........ ...
+....#.#...........
.....#.K..#....#........
#..K@(.######.#......
#.###(## #.#.#.###
#(#### #.#....## #....#
#.#.#..## ##...#
#.#.#.... ..#
#...####.#.#..#. ..#
#.....##.#.#.##. ..#
#.....+....#.... ..#
+.....##.#.####.


You could see a bat and 2 kobolds.

Vanquished Creatures
  A dart slug (D:1)
  A bat (D:1)
  A giant cockroach (D:1)
  A goblin (D:1)
  7 hobgoblins (D:1)
  A kobold (D:1)
  3 rats (D:1)
15 creatures vanquished.

Notes
Turn   | Place    | Note
-------+----------+-------------------------------------------
     0 | D:1      | MisterFreud the Octopode Earth Elementalist began the quest
                  | for the Orb.
     0 | D:1      | Reached XP level 1. HP: 11/11 MP: 3/3
   479 | D:1      | Reached XP level 2. HP: 17/17 MP: 5/5
   654 | D:1      | Reached skill level 4 in Earth Magic
   658 | D:1      | Slain by a kobold

Illustrated notes

Levels and vault maps discovered:
D:1:      saegor_arrival_simple_d, layout_basic, minmay_fountain_box

Skill      XL: |  1  2 |
---------------+-------+-----
Earth Magic    | 4 |  4.0
Dodging        | |  2.0
Stealth        | |  2.6
Spellcasting   | |  2.0
Transmutations | |  1.0

Action                   || total
-------------------------++-------
Melee: Club              ||    32
       Constrict         ||    13
       Tentacles         ||     8
       Unarmed           ||     3
 Cast: Sandblast         ||     2
 Stab: Sleeping          ||     6
Armor: Skin              ||     2
Dodge: Dodged            ||    23
